 Dungeon Crawl Stone Soup version 0.30-a0-310-g7d6cbdfea6 (webtiles) character file.

Game seed: 5311523614290963019

2 flotson the Sneak (level 1, -2/18 HPs)
             Began as a Demonspawn Delver on Oct 24, 2022.
             Slain by a hound (4 damage)
             ... on level 4 of the Dungeon.
             The game lasted 00:01:13 (168 turns).

flotson the Sneak (Demonspawn Delver)                Turns: 168, Time: 00:01:14

Health: -2/18      AC:  6    Str: 12    XL:     1   Next: 25%
Magic:  1/1        EV: 11    Int: 11    God:
Gold:   13         SH:  0    Dex: 14    Spells: 0/0 levels left

rFire   . . .      SeeInvis .    a - +0 hand axe
rCold   . . .      Faith    .    (no shield)
rNeg    . . .      Spirit   .    b - +0 leather armour
rPois   .          Reflect  .    (no helmet)
rElec   .          Harm     .    (no cloak)
rCorr   .          Rampage  .    h - +2 pair of gloves
Will    .....                    (no boots)
Stlth   ++........               (no amulet)
HPRegen 0.23/turn                (no ring)
MPRegen 0.07/turn                (no ring)

@: no status effects
A: no striking features
a: no special abilities


You were on level 4 of the Dungeon.
You visited 1 branch of the dungeon, and saw 2 of its levels.

You collected 13 gold pieces.

Inventory:

Hand Weapons
 a - a +0 hand axe (weapon)
Armour
 b - a +0 leather armour (worn)
 h - a +2 pair of gloves (worn)
Jewellery
 i - the amulet "Geoliu" {Will+ Regen+ Dex+3}
   (You found it on level 5 of the Dungeon)

   [amulet of regeneration]

   Dex:       It affects your dexterity (+3).
   Regen:     It increases your rate of health regeneration.
   Will:      It increases your willpower.
Wands
 g - a wand of digging (3)
Scrolls
 c - a scroll of fog
 j - a scroll of enchant armour {unknown}


   Skills:
 + Level 3.0 Fighting
 - Level 1.7 Axes
 + Level 0.1 Armour
 + Level 1.8 Dodging
 - Level 4.5 Stealth
 + Level 0.1 Evocations


You couldn't memorise any spells.
You didn't know any spells.
Your spell library was empty.

Dungeon Overview and Level Annotations

Branches:
Dungeon (5/15)
 Temple: D:4-7

Altars:
Xom

Annotations:
D:5 Blork the orc


Message History

Something unseen opens the door.
A gnoll comes into view. It is wielding a +0 whip.
Found a stone staircase leading up.
The ogre barely misses you.
There is a stone staircase leading up here.
The hound closely misses you.
You climb upwards.
Found a hand axe.
There is a stone staircase leading down here.
Found a scroll labelled ZITRYRAGIHO.
The hound barely misses you.
Unknown command.
The hound attacks as you move away! The hound bites you but does no damage.
Found a short sword.
The hound attacks as you move away! The hound bites you but does no damage.
The hound attacks as you move away! The hound barely misses you.
The hound stops to sniff the ground.
Your extra speed is starting to run out.
The hound attacks as you move away! The hound bites you.
The hound attacks as you move away! The hound bites you.
You feel yourself slow down. The hound attacks as you move away!
The hound barely misses you. The hound closely misses you.
The hound attacks as you move away! The hound bites you.
The hound barely misses you. The hound attacks as you move away!
The hound bites you. The hound attacks as you move away!
The hound bites you but does no damage. The hound bites you.
* * * LOW HITPOINT WARNING * * *
You hit the hound.
The hound is moderately wounded.
The hound barely misses you. The hound bites you but does no damage.
You hit the hound.
The hound is heavily wounded.
The hound bites you.
* * * LOW HITPOINT WARNING * * *
The hound bites you.
* * * LOW HITPOINT WARNING * * *
You hit the hound.
The hound is severely wounded.
The hound bites you.
You die...

#################
#..O....h@.......
#.###############
#.# #.# #.# #.#
#.# #.# # #.#.)


You could see an ogre and a hound.

Vanquished Creatures
  An orc (D:5)
1 creature vanquished.

Vanquished Creatures (others)
  A fungus (D:4)
1 creature vanquished.

Grand Total: 2 creatures vanquished

Notes
Turn   | Place    | Note
-------+----------+-------------------------------------------
     0 | D:5      | flotson the Demonspawn Delver began the quest for the Orb.
     0 | D:5      | Reached XP level 1. HP: 18/18 MP: 1/1
    14 | D:5      | Found a shimmering altar of Xom.
    62 | D:5      | Identified the amulet "Geoliu" {Will+ Regen+ Dex+3}
    87 | D:5      | Noticed a scorpion
   104 | D:5      | Noticed Blork the orc
   126 | D:5      | Noticed a hound
   126 | D:5      | Noticed a gnoll bouda
   130 | D:5      | Noticed an ogre
   131 | D:5      | Noticed a steam dragon
   132 | D:5      | Noticed a hound
   168 | D:4      | Slain by a hound

Illustrated notes

Levels and vault maps discovered:
D:4:      minmay_chambers_of_fours, layout_loops_ring,
          mainiacjoe_overflow_alcove_4
D:5:      minmay_spotlight, layout_gridville, mainiacjoe_overflow_catwalk,
          nicolae_hepliaklqana_monster_ancestors, lemuel_tele_altar,
          st_stairs_10, kennysheep_generic_room_14, uniq_edmund,
          uniq_blork_the_orc

Action                   || total
-------------------------++-------
Melee: Hand axe          ||     4
  Use: Scroll            ||     2
       Potion            ||     1
Armor: Leather armour    ||     4
Dodge: Dodged            ||     9

Table legend: (Time is in decaauts)
 A = Elapsed time spent in this place.
 B = Non-inter-level travel time spent in this place.
 C = Inter-level travel time spent in this place.
 D = Time resting spent in this place.
 E = Time spent auto-exploring this place.
 F = Levels seen in this place.
 G = Mean time per level.
                   A        B        C        D        E       F      G
               +--------+--------+--------+--------+--------+-----+--------+
         Total |    153 |    153 |      0 |      0 |     60 |   2 |   76.5 |
       Dungeon |    153 |    153 |      0 |      0 |     60 |   2 |   76.5 |
               +--------+--------+--------+--------+--------+-----+--------+

Top non-repeatable levels by time:
     D:5: 128 daAuts
     D:4: 24 daAuts
